 Dungeon Crawl Stone Soup version 0.30.0-30-g96aa6591b8 (webtiles) character file.

Game seed: 1102037829723683039

255 Fodor the Covered (level 5, -1/47 HPs)
             Began as a Minotaur Fighter on June 28, 2023.
             Killed from afar by Natasha (8 damage)
             ... with a puff of flame
             ... on level 2 of the Dungeon.
             The game lasted 00:05:58 (1273 turns).

Fodor the Covered (Minotaur Fighter)                Turns: 1273, Time: 00:05:59

Health: -1/47      AC:  7    Str: 29    XL:     5   Next: 91%
Magic:  4/4        EV: 10    Int:  5    God:
Gold:   48         SH:  4    Dex:  9    Spells: 4/4 levels left

rFire   . . .        e - +0 broad axe
rCold   . . .        c - +0 buckler
rNeg    . . .        b - +0 scale mail
rPois   .            (helmet restricted)
rElec   .            (no cloak)
rCorr   .            (no gloves)
SInv    .            (no boots)
Will    .....        (no amulet) Stlth
                     n - +6 ring of strength
HPRegen 0.27/turn    (no ring)
MPRegen 0.09/turn

%: no passive effects
@: very slow
A: horns 2, retaliatory headbutt
a: no special abilities


You were on level 2 of the Dungeon.
You visited 1 branch of the dungeon, and saw 2 of its levels.

You collected 48 gold pieces.

Inventory:

Hand Weapons
 e - a +0 broad axe (weapon)
Armour
 b - a +0 scale mail (worn)
 c - a +0 buckler (worn)
Jewellery
 n - a +6 ring of strength (left hand)
Scrolls
 h - a scroll of torment
 l - a scroll of vulnerability
 m - a scroll of enchant weapon {unknown}
 p - 2 scrolls of identify
Potions
 a - a potion of mutation {unknown}
 d - a potion of might
 f - a potion of invisibility {unknown}
 g - a potion of ambrosia {unknown}
 i - 2 potions of attraction {unknown}
 j - 2 potions of cancellation {unknown}
 k - 2 potions of heal wounds {unknown}
 o - a potion of magic {unknown}


   Skills:
 + Level 4.6 Fighting
 + Level 2.5 Long Blades
 + Level 3.9 Axes
 + Level 5.3 Armour
 + Level 1.3 Dodging
 + Level 4.3 Shields


You had 4 spell levels left.
You didn't know any spells.
Your spell library contained the following spells:

 Spells                   Type           Power      Damage    Failure   Level
 Magic Dart               Conj           0%         1d3       77%         1
 Searing Ray              Conj           0%         2d4       88%         2
 Fulminant Prism          Conj/Hex       0%         3d5       100%        4


Dungeon Overview and Level Annotations

Branches:
Dungeon (2/15)

Altars:

Annotations:
D:2 Natasha


Innate Abilities, Weirdness & Mutations

You have a pair of horns on your head.
You reflexively headbutt those who attack you in melee.


Message History

The cerulean imp is moderately wounded.
Natasha growls.
You block the cerulean imp's attack.
You miss the cerulean imp. Your headbutt misses the cerulean imp.
The cerulean imp is moderately wounded.
The cerulean imp closely misses you. You furiously retaliate!
You headbutt the cerulean imp!
The cerulean imp hits you but does no damage.
You closely miss the cerulean imp.
The cerulean imp is almost dead.
The cerulean imp hits you with a +5 spear.
You completely miss the cerulean imp.
The cerulean imp is almost dead.
The cerulean imp hits you with a +5 spear.
You block the cerulean imp's attack.
Your unstable footing causes you to fumble your attack.
The cerulean imp barely misses you.
Your unstable footing causes you to fumble your attack.
The cerulean imp closely misses you.
You slash the cerulean imp!
You kill the cerulean imp!
The cerulean imp disappears in a puff of smoke!
Natasha zaps a wand.
The puff of flame hits you.
You are engulfed in a cloud of scalding steam.
Natasha howls an incantation.
Natasha shimmers violently.
Natasha stares at you and mumbles some strange words.
The magic dart hits you!
* * * LOW HITPOINT WARNING * * *
Why would you want to do that?
You enter the shallow water.
Moving in this stuff is going to be slow.
Natasha stares at you and mumbles some strange words.
You resist with some effort.
Natasha zaps a wand.
The puff of flame hits you.
* * * LOW HITPOINT WARNING * * *
Natasha zaps a wand.
The puff of flame hits you.
* * * LOW HITPOINT WARNING * * *
Natasha zaps a wand.
The puff of flame hits you!
You die...

...#....### #......# ##.
#..#####.# #....# .# #.#
.....# #.# #.##### ..##.#
#.# #.....# ..##.# #.#
♣.###.# ..##.#
#.#♣♣♣♣♣♣♣♣##.# ..##.#
#.~♣~P♣♣~@~~#.##
..##.###~♣~~PPP~§~~~..#
......~~♣~~~~~~.§§....#
####.#♣~~~$~†.........#
#..................###
#####....~~.~....h~~~♣~~#
........~~~.~~~~~~~~~~~~♣##
########~P~~~~~~~~≈~P~~~~~#
##~~~~P~≈~≈≈~~~~~~##


You could see Natasha.

Vanquished Creatures
  Sigmund (D:2)
  Natasha (D:2)
  3 gnolls (D:2)
  3 ball pythons
  3 endoplasms
  A giant cockroach (D:1)
  3 goblins
  4 hobgoblins
  4 jackals (D:2)
  2 quokkas (D:2)
  2 bats
  2 frilled lizards
  3 kobolds
  3 rats
35 creatures vanquished.

Notes
Turn   | Place    | Note
-------+----------+-------------------------------------------
     0 | D:1      | Fodor the Minotaur Fighter began the quest for the Orb.
     0 | D:1      | Reached XP level 1. HP: 19/19 MP: 0/0
   235 | D:1      | Reached XP level 2. HP: 27/27 MP: 1/1
   325 | D:1      | Reached skill level 4 in Armour
   524 | D:2      | Reached XP level 3. HP: 17/33 MP: 2/2
   525 | D:2      | Reached skill level 1 in Axes
   769 | D:2      | Noticed Sigmund
   788 | D:2      | Killed Sigmund
   789 | D:2      | Reached skill level 5 in Armour
   789 | D:2      | Reached skill level 1 in Dodging
   789 | D:2      | Reached XP level 4. HP: 28/41 MP: 3/3
   789 | D:2      | Reached XP level 5. HP: 33/47 MP: 4/4
  1062 | D:2      | Noticed Natasha
  1069 | D:2      | Killed Natasha
  1231 | D:2      | Noticed Natasha
  1273 | D:2      | Killed from afar by Natasha

Illustrated notes

Levels and vault maps discovered:
D:1:      dpeg_arrival_shelter, layout_rooms
D:2:      layout_loops_ring, hex_medium, minmay_fountain_box,
          nicolae_concentric_dashed_squares_wild, grunt_decor_fettered,
          serial_bayou_ford_a, uniq_sigmund, uniq_natasha

Skill      XL: |  1  2  3 |
---------------+----------+-----
Fighting       | 4 |  4.6
Armour         | 4 5 |  5.3
Shields        | 4 |  4.3
Axes           | 3 |  3.9
Dodging        | 1 |  1.3
Long Blades    | |  2.5

Action                     |  1- 3 |  4- 6 || total
---------------------------+-------+-------++-------
  Melee: Broad axe         |    44 |    36 ||    80
         Long sword        |     4 |       ||     4
         Headbutt          |     3 |     7 ||    10
    Use: Scroll            |       |     2 ||     2
 Armour: Scale mail        |    31 |    21 ||    52
  Dodge: Dodged            |    24 |    17 ||    41
  Block: Buckler           |    13 |    15 ||    28
